 Dungeon Crawl Stone Soup version 0.17.1-3-g152610e (webtiles) character file.

15073 Metrazal the Covert (level 11, -8/49 HPs)
             Began as a Spriggan Assassin on Feb 28, 2016.
             Was an Elder of Elyvilon.
             Killed from afar by an orc warrior (16 damage)
             ... with a wand of draining
             ... on level 11 of the Dungeon.
             The game lasted 02:49:22 (18415 turns).

Metrazal the Covert (Spriggan Assassin)            Turns: 18415, Time: 02:49:22

Health: -8/49      AC:  4    Str:  7    XL:     11   Next: 97%
Magic:  0/12       EV: 29    Int: 14    God:    Elyvilon [****..]
Gold:   784        SH:  0    Dex: 20    Spells: 0 memorised, 10 levels left

rFire  . . .     SeeInvis +     d - +0 shortbow (velocity)
rCold  . . .     Clarity  .     h - +0 robe
rNeg   . . .     SustAt   .     (shield currently unavailable)
rPois  .         Gourm    .     N - +0 hat
rElec  .         Spirit   +     H - +1 cloak
rCorr  .         Warding  .     (gloves unavailable)
rMut   .         Stasis   .     (boots unavailable)
MR     ++...                    S - amulet of guardian spirit
Stlth  ++++++....               (no ring)
                                q - ring of protection from magic

@: drained, very quick, very resistant to hostile enchantments, very stealthy
A: unfitting armour, see invisible, herbivore 3, speed 3, slow metabolism 2
a: Lesser Healing, Heal Other, Purification, Greater Healing, Divine Protection,
Renounce Religion


You were on level 11 of the Dungeon.
You worshipped Elyvilon.
Elyvilon was greatly pleased with you.
You were not hungry.

You visited 2 branches of the dungeon, and saw 12 of its levels.
You also visited: Sewer.

You collected 784 gold pieces.

Inventory:

Hand Weapons
 a - a +3 dagger
 b - a +0 blowgun
 c - a +0 hunting sling
 d - a +0 shortbow of velocity (weapon)
Missiles
 e - 24 sling bullets
 f - 4 poisoned needles
 m - 289 stones
 A - 64 arrows (quivered)
 U - a curare-tipped needle
Armour
 h - a +0 robe (worn)
 H - a +1 cloak (worn)
 N - a +0 hat (worn)
Jewellery
 q - a ring of protection from magic (left hand)
 S - an amulet of guardian spirit (around neck)
 V - the amulet "Ysta" {Gourm rElec Dex+2}
   (You found it on level 11 of the Dungeon)

   [amulet of the gourmand]

   It allows you to eat raw meat even when not hungry.
   It affects your dexterity (+2).
   It insulates you from electricity.
Wands
 y - a wand of digging (8)
 B - a wand of magic darts (16)
 C - a wand of frost (25)
 E - a wand of magic darts (29)
 F - a wand of digging (9)
 K - a wand of slowing (39)
 M - a wand of lightning (0)
Scrolls
 i - 5 scrolls of teleportation
 j - a scroll of magic mapping {unknown}
 l - 9 scrolls of remove curse
 n - 2 scrolls of fear
 p - 3 scrolls of identify
 s - 2 scrolls of amnesia {unknown}
 u - 2 scrolls of enchant armour
 G - a scroll of random uselessness {unknown}
 J - 2 scrolls of blinking {unknown}
 Q - 3 scrolls of recharging {unknown}
 R - a scroll of enchant weapon {unknown}
 T - a scroll of immolation {unknown}
Potions
 k - 7 potions of curing {unknown}
 o - a potion of lignification {unknown}
 r - 6 potions of poison {unknown}
 t - 2 potions of brilliance {unknown}
 v - 4 potions of magic {unknown}
 w - 2 potions of haste {unknown}
 x - a potion of might {unknown}
 z - 3 potions of flight {unknown}
 D - 2 potions of berserk rage {unknown}
 I - 5 potions of heal wounds {unknown}
 O - a potion of invisibility {unknown}
 P - a potion of cancellation {unknown}
Comestibles
 g - 9 bread rations
 L - 4 slices of pizza


   Skills:
 - Level 1.5(0.5) Fighting
 + Level 10.0(8.7) Short Blades
 + Level 10.8(9.6) Slings
 + Level 9.4(8.1) Bows
 - Level 2.0(4.9) Throwing
 + Level 12.5(11.2) Dodging
 + Level 14.2(12.8) Stealth


You had 10 spell levels left.
You didn't know any spells.

Dungeon Overview and Level Annotations

Branches:
Dungeon (11/15)            Temple (1/1) D:5            Lair (0/8) D:9
    Orc (0/4) D:9

Altars:
Ashenzari
Cheibriados
Elyvilon
Fedhas
Makhleb
Nemelex Xobeh
Okawaru
Ru
Sif Muna
Trog
Vehumet
Xom
Yredelemnul
Beogh


Innate Abilities, Weirdness & Mutations

You are tiny and cannot use many weapons and most armour.
You have supernaturally acute eyesight.
You are a herbivore.
You cover ground extremely quickly.
You need consume almost no food.


Message History

You see here a cloak.
Firing (i - inventory. (,) - cycle):
A - 67 arrows (quivered)
Press: ? - help, Shift-Dir - straight line, f/p - orc warrior
Aim: an orc warrior, wielding an enchanted hand axe, wearing a chain mail and carrying a wand of draining {zapped: 4} (heavily wounded, poisoned)
You shoot an arrow.
The arrow closely misses the orc warrior.
Firing (i - inventory. (,) - cycle):
A - 66 arrows (quivered)
Press: ? - help, Shift-Dir - straight line, f/p - orc warrior
Aim: an orc warrior, wielding an enchanted hand axe, wearing a chain mail and carrying a wand of draining {zapped: 4} (heavily wounded, poisoned)
You shoot an arrow.
The arrow closely misses the orc warrior.
Firing (i - inventory. (,) - cycle):
A - 65 arrows (quivered)
Press: ? - help, Shift-Dir - straight line, f/p - orc warrior
Aim: an orc warrior, wielding an enchanted hand axe, wearing a chain mail and carrying a wand of draining {zapped: 4} (heavily wounded, poisoned)
You shoot an arrow. The arrow hits the orc warrior.
The orc warrior is severely wounded.
The orc warrior zaps a wand.
The bolt of negative energy misses you.
The orc warrior zaps a wand.
The bolt of negative energy hits you!
You feel drained.
You die...

##(...(.(###......###...#(.#
#.........#.....)..#.......#
#.$#...#..#..#..#..#..#..[.#
####.⌠.#######..#######.#..#
#..#...#..#:.#..#..#..#.#...
#(.(.:....#......(.#........
##.(..o..###...(..###.......
......###..[(.)###(..(.......#
.......
#.....@..#...(....(...#
..#..#.
#..#..#..#..#....#.#.## #
#..## ####..#######.(.##.#.#
#.. #..#..#.$#..#......#.# ..
#........#.....(..(#.#
....###......###...#...##.#
#.......###.....((..(## .#
#.........#..........## .# .
#..#...#..#..#..l>(###


You could see an orc warrior.

Vanquished Creatures
  2 hydras (D:10)
  A centaur warrior (D:11)
  Pikel (D:6)
  A hill giant (D:10)
  An elephant (D:9)
  A cyclops (D:11)
  4 centaur skeletons
  A freezing wraith (D:10)
  A tengu conjurer (D:11)
  6 trolls
  A slime creature (D:10)
  Prince Ribbit (D:6)
  A two-headed ogre (D:10)
  3 deep elf magi (D:11)
  16 yaks
  A hippogriff (D:11)
  A mottled dragon (D:11)
  A deep elf fighter (D:8)
  5 hungry ghosts
  Duvessa (D:5)
  2 phantoms
  7 orc warriors
  A wasp (D:11)
  A black bear (D:10)
  An ice beast (D:7)
  5 ogres
  3 sky beasts
  3 centaurs
  2 crocodiles (D:9)
  2 big kobolds
  4 giant frogs
  Dowan (D:5)
  A water moccasin zombie (D:10)
  2 scorpions
  A wyvern skeleton (D:11)
  12 killer bees
  3 wights (D:6)
  A quasit (D:10)
  A giant frog zombie (D:6)
  2 jellies
  Crazy Yiuf (D:4)
  4 crimson imps
  2 orc wizards (D:9)
  An orc priest (D:9)
  8 giant frog skeletons
  2 iguanas
  10 worker ants
  2 hound zombies
  A hound skeleton (D:4)
  Robin (D:4)
  A worker ant zombie (D:4)
  15 adders
  4 river rats (D:5)
  6 gnolls
  An ooze (D:1)
  An adder zombie (D:10)
  An adder skeleton (D:8)
  3 worms
  7 giant geckos
  47 orcs
  11 giant cockroaches
  18 goblins
  14 hobgoblins
  23 jackals
  21 kobolds
  4 quokkas
  8 ball pythons
  6 bats
  A giant gecko skeleton (D:4)
  2 giant newts (D:3)
  12 rats
343 creatures vanquished.

Notes
Turn   | Place    | Note
--------------------------------------------------------------
     0 | D:1      | Metrazal the Spriggan Assassin began the quest for the Orb.
     0 | D:1      | Reached XP level 1. HP: 10/10 MP: 2/2
    72 | D:1      | You fall through a shaft!
   442 | D:1      | Reached skill level 6 in Stealth
   442 | D:1      | Reached XP level 2. HP: 14/14 MP: 3/3
   807 | D:1      | Reached XP level 3. HP: 18/18 MP: 4/4
   822 | D:1      | Reached skill level 1 in Slings
  1308 | D:2      | Reached XP level 4. HP: 17/22 MP: 5/5
  2119 | D:2      | Reached skill level 7 in Stealth
  2646 | D:3      | Reached XP level 5. HP: 25/25 MP: 6/6
  2963 | D:3      | Found a glowing drain.
  3107 | Sewer    | Entered a sewer
  3686 | Sewer    | Reached skill level 5 in Dodging
  3686 | Sewer    | Reached XP level 6. HP: 27/30 MP: 7/7
  4306 | D:4      | Reached skill level 8 in Stealth
  4464 | D:4      | Noticed Robin
  4477 | D:4      | Killed Robin
  4587 | D:4      | Reached XP level 7. HP: 33/33 MP: 8/8
  4960 | D:4      | Noticed Crazy Yiuf
  4993 | D:4      | Killed Crazy Yiuf
  5145 | D:5      | Entered Level 5 of the Dungeon
  5227 | D:5      | Reached skill level 9 in Stealth
  5245 | D:5      | HP: 1/33 [poisoned by a scorpion]
  5627 | D:5      | Reached skill level 5 in Short Blades
  5627 | D:5      | Reached skill level 5 in Slings
  5758 | D:5      | Found a staircase to the Ecumenical Temple.
  5763 | Temple   | Entered the Ecumenical Temple
  5795 | Temple   | Became a worshipper of Elyvilon the Healer
  5968 | D:5      | Noticed Duvessa
  5968 | D:5      | Noticed Dowan
  5985 | D:5      | Killed Duvessa
  5985 | D:5      | Reached XP level 8. HP: 37/37 MP: 9/9
  6002 | D:5      | Killed Dowan
  6052 | D:5      | Found a shattered altar of Ashenzari.
  6087 | D:5      | Found a snail-covered altar of Cheibriados.
  6625 | D:5      | Found a sparkling altar of Nemelex Xobeh.
  6626 | D:5      | Found a sacrificial altar of Ru.
  6626 | D:5      | Found a shimmering altar of Xom.
  6626 | D:5      | Found a bloodstained altar of Trog.
  6628 | D:5      | Found a basalt altar of Yredelemnul.
  6677 | D:5      | Reached * piety under Elyvilon
  7342 | D:6      | Noticed Prince Ribbit
  7349 | D:6      | Killed Prince Ribbit
  7349 | D:6      | Reached skill level 10 in Stealth
  7519 | D:6      | Noticed Pikel
  7558 | D:6      | Killed Pikel
  7558 | D:6      | Reached XP level 9. HP: 41/41 MP: 10/10
  7658 | D:6      | Found a bloodstained altar of Trog.
  7780 | D:6      | Reached skill level 11 in Stealth
  8389 | D:7      | Reached ** piety under Elyvilon
  8756 | D:7      | Reached skill level 1 in Bows
  8823 | D:7      | Found a radiant altar of Vehumet.
  9849 | D:8      | Reached *** piety under Elyvilon
 10480 | D:9      | Found a staircase to the Orcish Mines.
 11087 | D:9      | Reached skill level 5 in Bows
 11286 | D:9      | Reached skill level 10 in Dodging
 11286 | D:9      | Reached XP level 10. HP: 25/46 MP: 11/11
 11438 | D:9      | Found a staircase to the Lair.
 11438 | D:9      | Noticed an elephant
 11463 | D:9      | Noticed a centaur skeleton
 11572 | D:9      | Killed an elephant
 11699 | D:9      | Reached skill level 12 in Stealth
 11775 | D:9      | Killed a centaur skeleton
 12047 | D:9      | Found a roughly hewn altar of Beogh.
 12932 | D:10     | Entered Level 10 of the Dungeon
 14100 | D:10     | Reached **** piety under Elyvilon
 14152 | D:10     | Reached XP level 11. HP: 49/49 MP: 12/12
 14187 | D:10     | Reached skill level 13 in Stealth
 15305 | D:11     | Noticed a six-headed hydra
 15411 | D:10     | Killed a six-headed hydra
 16058 | D:11     | Reached skill level 10 in Slings
 16073 | D:11     | Noticed a centaur warrior
 16073 | D:11     | Noticed a five-headed hydra
 16180 | D:10     | Killed a five-headed hydra
 16403 | D:11     | Noticed a hill giant
 16444 | D:10     | Killed a hill giant
 17371 | D:11     | Reached skill level 14 in Stealth
 18049 | D:11     | Killed a centaur warrior
 18049 | D:11     | Reached skill level 10 in Short Blades
 18384 | D:11     | Got a smoking platinum amulet
 18387 | D:11     | Identified the amulet "Ysta" {Gourm rElec Dex+2} (You found it on level 11 of the Dungeon)
 18415 | D:11     | Killed from afar by an orc warrior

Action                   |  1- 3 |  4- 6 |  7- 9 | 10-12 || total
-------------------------+-------+-------+-------+-------++-------
Melee: Dagger            |   104 |   267 |   381 |   402 ||  1154
 Fire: Blowgun           |     3 |    35 |    88 |   131 ||   257
       Hunting sling     |       |    68 |   142 |   254 ||   464
       Shortbow          |       |       |    12 |   362 ||   374
Throw: Stone             |       |       |     3 |     2 ||     5
Evoke: Wand              |       |       |     3 |    11 ||    14
  Use: Scroll            |       |     2 |     4 |     3 ||     9
 Stab: Sleeping          |    18 |    15 |    31 |    25 ||    89
       Distracted        |       |       |     2 |     2 ||     4
  Eat: Pizza             |       |     1 |       |     5 ||     6
       Bread ration      |       |       |     1 |       ||     1
       Fruit             |       |       |     3 |       ||     3
